AoeStats
← kirigi_sama

Arabia

509956840Analyzed
1v1 RM · 2d ago on Sep 28, 2026· 21m 50s· 2 players
Game mode
Random Map
Map size
Tiny (2 player)
Population
200
Speed
Normal
Resources
Standard
Victory
Conquest
Starting age
Dark Age
Ending age
Imperial Age
RankedLock teamsTeams togetherTeam positionsShared explorationLock speedFull tech treeHidden civsTurbo modeCheats
Victory
Defeat
🇸🇬 Japanese · Singapore
624
+16
🇨🇴 Teutons · Colombia
627
-16
kirigi_sama
10:45 Feudal Age
10:11 Loom
11:45 Double-Bit Axe
13:29 Town Watch
14:48 Horse Collar
15:54 Bloodlines
18:42 Wheelbarrow
19:37 Forging
23:03 Castle Age
22:16 Fletching
22:26 Padded Archer Armor
SirLex
14:15 Feudal Age
14:27 Loom
14:38 Man-at-Arms
18:55 Scale Mail Armor
Connection lost

Rejoining the realm…

Still unreachable

The connection could not be restored.

Session expired

The server has moved on; the page needs a fresh start.